 Dungeon Crawl Stone Soup version 0.28.0-43-g3370ac3207 (webtiles) character file.

Game seed: 16397723121516739507

112 fknight the Chopper (level 4, -16/41 HPs)
             Began as a Hill Orc Monk on Feb 28, 2022.
             Demolished by a gnoll
             ... wielding a +0 halberd
              (19 damage)
             ... on level 3 of the Dungeon.
             The game lasted 00:07:55 (3338 turns).

fknight the Chopper (Hill Orc Monk)                 Turns: 3338, Time: 00:07:59

Health: -16/41     AC: 12    Str: 15    XL:     4   Next: 95%
Magic:  4/4        EV: 11    Int: 10    God:
Gold:   107        SH:  0    Dex: 16    Spells: 3/3 levels left

rFire   . . .      SeeInvis .   f - +4 quarterstaff (chaos)
rCold   . . .      Faith    .   (shield currently unavailable)
rNeg    . . .      Spirit   .   q - +2 ring mail of Faguwn {rElec Dex+3 Stlth+}
rPois   .          Reflect  .   (no helmet)
rElec   +          Harm     .   p - +0 cloak
rCorr   .          Rampage  .   (no gloves)
Will    .....                   (no boots)
Stlth   +++.......              (no amulet)
HPRegen 0.13/turn               l - +4 ring of protection
MPRegen 0.09/turn               (no ring)

@: no status effects
A: no striking features
a: no special abilities


You were on level 3 of the Dungeon.
You visited 1 branch of the dungeon, and saw 3 of its levels.

You collected 107 gold pieces.

Inventory:

Hand Weapons
 a - a +0 hand axe
 f - a +4 quarterstaff of chaos (weapon)
Missiles
 c - 80 stones (quivered)
 e - 60 arrows
 k - 18 sling bullets
 o - 14 bolts
Armour
 b - a +1 ring mail of cold resistance
 p - a +0 cloak (worn)
 q - the +2 ring mail of Faguwn (worn) {rElec Dex+3 Stlth+}
   (You found it on level 3 of the Dungeon)

   Dex:       It affects your dexterity (+3).
   rElec:     It insulates you from electricity.
   Stlth:     It makes you more stealthy.
 r - a +0 chain mail
Magical Staves
 d - a staff of death
Jewellery
 l - a +4 ring of protection (left hand)
Scrolls
 g - 2 scrolls of blinking {unknown}
 h - a scroll of teleportation {unknown}
 i - 2 scrolls of acquirement {unknown}
 m - a scroll of enchant weapon {unknown}
Potions
 j - a potion of curing {unknown}
 n - a potion of might {unknown}


   Skills:
 + Level 4.6 Fighting
 + Level 5.0 Axes
 + Level 3.0 Dodging
 + Level 2.5 Stealth


You had 3 spell levels left.
You didn't know any spells.
Your spell library was empty.

Dungeon Overview and Level Annotations

Branches:
Dungeon (3/15)

Altars:


Message History

c - 82 stones (gained 1) 2 gnolls come into view.
You throw a stone.
The stone hits the gnoll but does no damage.
The gnoll shouts! x2; You hear a shout!
A gnoll comes into view. It is wielding a +0 flail.
The gnoll shouts!
The gnoll hits you but does no damage.
Things that are here:
a +0 whip; a kobold corpse You throw a stone.
The stone barely misses the gnoll.
The gnoll misses you. The gnoll hits you but does no damage.
You barely miss the gnoll. The gnoll hits you but does no damage.
The gnoll misses you.
You hit the gnoll but do no damage. The gnoll barely misses you. x3
The gnoll closely misses you.
You barely miss the gnoll. The gnoll barely misses you.
The gnoll closely misses you. The gnoll hits you but does no damage.
The gnoll misses you.
You hit the gnoll.
The gnoll goes berserk!
The gnoll is moderately wounded.
The gnoll hits you with a +0 halberd!! The gnoll hits you but does no damage.
The gnoll closely misses you. The gnoll misses you.
You barely miss the gnoll.
The gnoll is moderately wounded.
The gnoll barely misses you. The gnoll closely misses you.
The gnoll hits you from afar with a +0 spear!
The gnoll hits you but does no damage. The gnoll closely misses you.
You sock the gnoll! You freeze the gnoll.
The gnoll is almost dead.
The gnoll closely misses you. The gnoll barely misses you.
The gnoll hits you with a +0 flail. The gnoll closely misses you.
You barely miss the gnoll.
The gnoll is almost dead.
The gnoll hits you from afar with a +0 spear.
The gnoll hits you with a +0 halberd!
* * * LOW HITPOINT WARNING * * *
The gnoll hits you but does no damage. The gnoll barely misses you.
The gnoll hits you with a +0 halberd!!
You die...

...# #..# #.....##..............
##.###..##
#...#.###..........(..
.............................
...
##......####.....).........###.#
##......# #...# #.........#..##
##..<...#####..# #.....g.......#
##.............# #....g..g.....#
#......#......######.g####.....#
#........###...@g####.# #.....#
#.<....### ###.#gg....##########
##......#######.##.........#
................##.........#
##......##########.........#
######### #.........#
###########


You could see 3 gnolls.

Vanquished Creatures
  Crazy Yiuf (D:2)
  2 adders (D:2)
  A dart slug (D:1)
  8 orcs (D:3)
  4 endoplasms
  5 goblins
  3 hobgoblins
  2 jackals (D:2)
  5 kobolds
  2 quokkas (D:2)
  7 ball pythons
  2 bats
  2 frilled lizards (D:1)
  10 rats
54 creatures vanquished.

Notes
Turn   | Place    | Note
-------+----------+-------------------------------------------
     0 | D:1      | fknight the Hill Orc Monk began the quest for the Orb.
     0 | D:1      | Reached XP level 1. HP: 19/19 MP: 1/1
   239 | D:1      | Reached XP level 2. HP: 24/27 MP: 2/2
   994 | D:1      | You fall into a shaft and drop 1 floor!
  1009 | D:2      | Reached XP level 3. HP: 18/33 MP: 3/3
  1051 | D:2      | HP: 1/33 [constriction (1)]
  2172 | D:2      | Reached XP level 4. HP: 36/40 MP: 4/4
  2318 | D:2      | Found a runed translucent door.
  2319 | D:2      | Noticed Crazy Yiuf
  2616 | D:2      | HP: 1/40 [Crazy Yiuf/+4 quarterstaff of chaos (9)]
  2620 | D:2      | Killed Crazy Yiuf
  2959 | D:3      | Identified the +2 ring mail of Faguwn {rElec Dex+3 Stlth+}
  3054 | D:3      | Reached skill level 5 in Axes
  3338 | D:3      | Demolished by a gnoll

Illustrated notes

Levels and vault maps discovered:
D:1:      dpeg_arrival_rhombi, layout_basic, minmay_rat_gold_closets
D:2:      layout_basic, minmay_pentomino_q4, uniq_crazy_yiuf_cottage
D:3:      layout_rooms, basic_ecumenical_altar

Skill      XL: |  1  2  3  4 |
---------------+-------------+-----
Fighting       | 4 |  4.6
Stealth        | 2 |  2.5
Dodging        | 3 |  3.0
Axes           | 5 |  5.0

Action                   |  1- 3 |  4- 6 || total
-------------------------+-------+-------++-------
Melee: Hand axe          |   124 |     7 ||   131
       Punch             |     2 |       ||     2
       Quarterstaff      |       |    49 ||    49
Throw: Stone             |    80 |    18 ||    98
  Use: Potion            |     1 |     1 ||     2
 Stab: Invisible         |       |     1 ||     1
Armor: Robe              |    18 |       ||    18
       Ring mail         |    11 |    45 ||    56
Dodge: Dodged            |    68 |    49 ||   117
